 Dungeon Crawl Stone Soup version 0.29.0-7-g18a832c13a (webtiles) character file.

Game seed: 2107931717618007086

748 zenocrate the Trooper (level 7, -5/56 (57) HPs)
             Began as a Merfolk Arcane Marksman on Sept 1, 2022.
             Slain by a wight
             ... wielding a +3 long sword
              (12 damage)
             ... on level 4 of the Dungeon.
             The game lasted 00:10:48 (4790 turns).

zenocrate the Trooper (Merfolk Arcane Marksman)     Turns: 4790, Time: 00:10:48

HP:   -5/56 (57)    AC:  7    Str: 10    XL:     7   Next: 77%
MP:   8/8           EV: 12    Int: 13    God:
Gold: 178           SH:  0    Dex: 16    Spells: 7/8 levels left

rFire   . . .      SeeInvis .   b - +0 dagger
rCold   + . .      Faith    .   (no shield)
rNeg    . . .      Spirit   .   e - +1 leather armour {rC+}
rPois   +          Reflect  .   B - +0 helmet
rElec   .          Harm     .   z - +0 cloak
rCorr   .          Rampage  .   (no gloves)
Will    .....                   t - +0 pair of boots
Stlth   ++........              h - amulet of magic regeneration
HPRegen 0.18/turn               A - ring of poison resistance
MPRegen 0.51/turn               (no ring)

@: mighty, lightly drained
A: (nimble swimmer 2), mertail
a: no special abilities


You were on level 4 of the Dungeon.
You visited 2 branches of the dungeon, and saw 6 of its levels.

You collected 178 gold pieces.

Inventory:

Hand Weapons
 a - a +1 sling
 b - a +0 dagger (weapon)
Armour
 e - a +1 leather armour of cold resistance (worn)
 t - a +0 pair of boots (worn)
 z - a +0 cloak (worn)
 B - a +0 helmet (worn)
Jewellery
 h - an amulet of magic regeneration (around neck)
 A - a ring of poison resistance (left hand)
Wands
 v - a wand of flame (21)
 y - a wand of roots (13)
 E - a wand of light (7)
Scrolls
 c - 2 scrolls of fog {unknown}
 g - a scroll of noise {unknown}
 j - a scroll of acquirement {unknown}
 k - a scroll of silence {unknown}
 l - 2 scrolls of amnesia {unknown}
 m - a scroll of blinking {unknown}
 o - a scroll of enchant weapon {unknown}
 q - a scroll of torment {unknown}
 s - 2 scrolls of magic mapping {unknown}
 C - 3 scrolls of poison
 D - a scroll of fear {unknown}
Potions
 d - 2 potions of curing
 f - a potion of might
 i - a potion of mutation
 n - 3 potions of heal wounds
 p - 4 potions of attraction {unknown}
 r - a potion of lignification {unknown}
 u - a potion of ambrosia {unknown}
 w - a potion of berserk rage {unknown}
 x - 2 potions of haste {unknown}


   Skills:
 - Level 5.7 Fighting
 + Level 1.3 Short Blades
 - Level 3.0 Ranged Weapons
 - Level 1.3 Armour
 - Level 2.6 Dodging
 + Level 3.0 Stealth
 - Level 1.0 Spellcasting
 - Level 4.1 Hexes
 + Level 2.4 Evocations


You had 7 spell levels left.
You knew the following spells:

 Your Spells              Type           Power      Damage    Failure   Level
a - Slow                  Hex            44%        N/A       7%          1

Your spell library contained the following spells:

 Spells                   Type           Power      Damage    Failure   Level
 Sandblast                Erth           0%         2d4       36%         1
 Inner Flame              Hex/Fire       6%         N/A       43%         3
 Portal Projectile        Hex/Tloc       12%        N/A       43%         3
 Passwall                 Tmut/Erth      0%         N/A       50%         2
 Cause Fear               Hex            5%         N/A       56%         4
 Stone Arrow              Conj/Erth      0%         3d7       73%         3


Dungeon Overview and Level Annotations

Branches:
Dungeon (5/15)             Temple (1/1) D:4

Altars:
Ashenzari
Elyvilon
Kikubaaqudgha
Makhleb
Nemelex Xobeh
Trog
Wu Jian
Yredelemnul
Zin
The Shining One


Innate Abilities, Weirdness & Mutations

((You are very nimble when in or above water. (Stealth+, EV+, Speed+++)))
Your lower body shifts to a powerful aquatic tail in water.


Message History

You feel very mighty all of a sudden. The black bear completely misses you.
The black bear closely misses you. x2
You puncture the black bear!
The black bear is heavily wounded.
The black bear bites you.
The black bear claws you but does no damage. x2
You hit the black bear.
The black bear is heavily wounded.
The black bear bites you. The black bear claws you.
The black bear barely misses you.
You puncture the black bear!
The black bear is almost dead.
The black bear barely misses you.
The black bear claws you but does no damage.
The black bear claws you.
* * * LOW HITPOINT WARNING * * *
You hit the black bear. Your punch misses the black bear.
The black bear is almost dead.
The black bear goes berserk!
You barely miss the black bear.
The black bear is almost dead.
The black bear bites you but does no damage.
The black bear closely misses you.
The black bear claws you but does no damage.
You hit the black bear.
You kill the black bear!
Your Short Blades skill increases to level 1!
Your Stealth skill increases to level 3!
You barely miss the wight. You hit the wight.
The wight is heavily damaged.
The wight closely misses you.
You hit the wight.
The wight is severely damaged.
The wight hits you with a +3 long sword!
* * * LOW HITPOINT WARNING * * *
You barely miss the wight.
The wight is severely damaged.
The wight hits you with a +3 long sword!
You die...

###....### #........# ###.....##
### ### #....<..###.## #.#
#..##...##...####
##.#####.##........##.##
####....##..#.........##..#
#................#..###...#
#.........@##..#.#.## ##..#
#...##...##z.....#[####...#
##...#...#....#...รท........
#.......#..###............
######..##..#..###..#..#....##
###..#.....#..#....#.#####......
#.........##.........# #........
#....).........[..#>.####......#
###..##......###...##........##.#


You could see a wight.

Vanquished Creatures
  2 black bears
  An ogre (D:4)
  2 scorpions
  2 wights (D:4)
  A hound (D:4)
  Crazy Yiuf (D:3)
  Ijyb (D:4)
  3 gnolls
  5 adders
  An ufetubus (D:4)
  3 worms
  6 dart slugs
  8 endoplasms
  3 giant cockroaches
  3 goblins
  3 hobgoblins
  4 kobolds
  2 quokkas
  12 ball pythons
  7 bats
  7 frilled lizards
  10 rats
87 creatures vanquished.

Vanquished Creatures (others)
  5 withered plants (D:3)
5 creatures vanquished.

Grand Total: 92 creatures vanquished

Notes
Turn   | Place    | Note
-------+----------+-------------------------------------------
     0 | D:1      | zenocrate the Merfolk Arcane Marksman began the quest for
                  | the Orb.
     0 | D:1      | Reached XP level 1. HP: 15/15 MP: 2/2
    88 | D:1      | Reached skill level 1 in Stealth
   129 | D:1      | Reached XP level 2. HP: 19/21 MP: 3/3
   670 | D:1      | Reached XP level 3. HP: 18/26 MP: 4/4
  1124 | D:2      | Reached skill level 2 in Fighting
  1153 | D:2      | Reached XP level 4. HP: 17/33 MP: 5/5
  2139 | D:3      | Noticed a scorpion
  2154 | D:3      | Killed a scorpion
  2155 | D:3      | Reached skill level 3 in Fighting
  2155 | D:3      | Reached skill level 1 in Armour
  2155 | D:3      | Reached XP level 5. HP: 28/41 MP: 6/6
  2697 | D:3      | Found a faded altar of an unknown god.
  2868 | D:3      | Found a runed translucent door.
  2869 | D:3      | Noticed Crazy Yiuf
  2882 | D:3      | Killed Crazy Yiuf
  3212 | D:4      | Noticed a black bear
  3233 | D:3      | Killed a black bear
  3234 | D:3      | Reached skill level 1 in Evocations
  3234 | D:3      | Reached XP level 6. HP: 10/47 MP: 7/7
  3681 | D:4      | Reached skill level 4 in Fighting
  3681 | D:4      | Reached XP level 7. HP: 55/55 MP: 8/8
  3826 | D:4      | Found a staircase to the Ecumenical Temple.
  3865 | D:4      | Noticed Ijyb
  3880 | D:4      | Killed Ijyb
  4273 | Temple   | Entered the Ecumenical Temple
  4367 | D:5      | Entered Level 5 of the Dungeon
  4420 | D:4      | Reached skill level 5 in Fighting
  4427 | D:4      | HP: 2/51 [wight/+0 morningstar (2)]
  4787 | D:4      | Reached skill level 1 in Short Blades
  4790 | D:4      | Slain by a wight

Illustrated notes

Levels and vault maps discovered:
D:1:      eino_arrival_water_cross, layout_basic, dk_noncrumbling_2
D:2:      layout_basic, minmay_strange_pillars
D:3:      layout_basic, ebering_ecumenical_altar_petrified,
          uniq_crazy_yiuf_cottage
D:4:      layout_cave_pools, temple_doors_e, uniq_ijyb
D:5:      layout_gridville, nicolae_dithmenos_shadow_blocks,
          overflow_temple_1_default, serial_shops, shop_coins
Temple:   eino_wide_crystal_templ

Skill      XL: |  1  2  3  4  5  6  7 |
---------------+----------------------+-----
Stealth        | 1 2 3 |  3.0
Fighting       | 2 3 4 5 |  5.7
Ranged Weapons | 2 3 |  3.0
Armour         | 1 |  1.3
Hexes          | 4 |  4.1
Evocations     | 1 2 |  2.4
Short Blades   | 1 |  1.3
Dodging        | |  2.6
Spellcasting   | |  1.0

Action                   |  1- 3 |  4- 6 |  7- 9 || total
-------------------------+-------+-------+-------++-------
Melee: Unarmed           |       |     5 |       ||     5
       Dagger            |       |       |    33 ||    33
 Fire: Sling             |   114 |   174 |    31 ||   319
Evoke: Wand              |       |     1 |     4 ||     5
  Use: Scroll            |       |     3 |     1 ||     4
       Potion            |       |     2 |     1 ||     3
Armor: Robe              |     2 |       |       ||     2
       Leather armour    |    19 |    32 |    39 ||    90
Dodge: Dodged            |    44 |    74 |    58 ||   176
